 Dungeon Crawl Stone Soup version 0.27.1-3-gb3d3a73c9e (webtiles) character file.

Game seed: 2213743207491194181

58 jjjjhere the Gusty (level 3, -3/26 HPs)
             Began as a Demigod Air Elementalist on Oct 21, 2021.
             Shot with a stone by a goblin (5 damage)
             ... led by Robin
             ... on level 2 of the Dungeon.
             The game lasted 00:03:23 (2445 turns).

jjjjhere the Gusty (Demigod Air Elementalist)       Turns: 2445, Time: 00:03:24

Health: -3/26      AC:  2    Str:  9    XL:     3   Next: 52%
Magic:  10/10      EV: 12    Int: 21    God:
Gold:   92         SH:  0    Dex: 14    Spells: 4/7 levels left

rFire    . . .     SeeInvis .   b - +0 hunting sling
rCold    . . .     Faith    .   (no shield)
rNeg     . . .     Spirit   .   a - +0 robe
rPois    .         Reflect  .   (no helmet)
rElec    .         Harm     .   (no cloak)
rCorr    .         Rampage  .   (no gloves)
Will     .....                  (no boots)
Stlth    ++........             (no amulet)
HPRegen  0.08/turn              (no ring)
MPRegen  0.12/turn              (no ring)

@: no status effects
A: high mp 1, forlorn
a: no special abilities


You were on level 2 of the Dungeon.
You visited 1 branch of the dungeon, and saw 2 of its levels.

You collected 92 gold pieces.

Inventory:

Hand Weapons
 b - a +0 hunting sling (weapon)
 d - a +0 long sword
 g - a +2 dagger of holy wrath
Missiles
 e - 6 sling bullets (quivered ammo)
 j - 6 poisoned darts
Armour
 a - a +0 robe (worn)
 i - a +0 buckler
Scrolls
 c - a scroll of teleportation {unknown}
 h - a scroll of identify {unknown}
 k - a scroll of noise {unknown}
Potions
 f - a potion of lignification {unknown}


   Skills:
 - Level 1.7 Dodging
 - Level 1.7 Stealth
 + Level 2.8 Spellcasting
 - Level 0.8 Conjurations
 + Level 3.5 Air Magic


You had 4 spell levels left.
You knew the following spells:

 Your Spells              Type           Power      Damage    Failure   Level
a - Shock                 Conj/Air       48%        1d6       5%          1
b - Static Discharge      Conj/Air       12%        N/A       9%          2

Your spell library contained the following spells:

 Spells                   Type           Power      Damage    Failure   Level
 Swiftness                Air            17%        N/A       10%         3
 Airstrike                Air            8%         N/A       32%         4


Dungeon Overview and Level Annotations

Branches:
Dungeon (2/15)

Annotations:
D:2 1 runed translucent door, Crazy Yiuf


Innate Abilities, Weirdness & Mutations

Your attributes grow dramatically as you level up.
You have an increased reservoir of magic. (+10% MP)
You shall have no god before yourself.


Message History

A goblin comes into view. It is wielding a +0 club.
Fire: 10 sling bullets
Press: ? - help, Q - select action, (/) - cycle Shift-Dir - straight line, f/p - goblin
Aim: a goblin, wielding a +0 club (severely wounded, 50% to hit)
You shoot a sling bullet.
The sling bullet closely misses the goblin.
A goblin comes into view. It is wielding a +0 club. x2
Fire: 9 sling bullets
Press: ? - help, Q - select action, (/) - cycle Shift-Dir - straight line, f/p - goblin
Aim: a goblin, wielding a +0 club (severely wounded, 50% to hit)
You shoot a sling bullet. The sling bullet hits the goblin.
You kill the goblin!
The goblin unwields a +0 club.
The goblin wields a +0 hunting sling.
The goblin shoots a stone.
The stone barely misses you.
The goblin unwields a +0 club.
The goblin wields a +0 hunting sling.
The goblin shoots a sling bullet.
The sling bullet closely misses you.
You hear a shout!
Fire: 8 sling bullets
Press: ? - help, Q - select action, (/) - cycle Shift-Dir - straight line, f - goblin
Aim: a goblin, wielding a +0 club (50% to hit)
You shoot a sling bullet.
The sling bullet barely misses the goblin.
Fire: 7 sling bullets
Press: ? - help, Q - select action, (/) - cycle Shift-Dir - straight line, f/p - goblin
Aim: a goblin, wielding a +0 club (50% to hit)
You shoot a sling bullet.
The sling bullet hits the goblin but does no damage.
The goblin shoots a stone.
The stone hits you.
The goblin shoots a stone.
The stone hits you.
The goblin shoots a sling bullet.
The sling bullet hits you!
The goblin shoots a stone.
The stone closely misses you.
The goblin shoots a sling bullet.
The sling bullet closely misses you. The goblin hits you with a +0 club.
* * * LOW HITPOINT WARNING * * *
The goblin shoots a stone.
The stone hits you.
* * * LOW HITPOINT WARNING * * *
The goblin shoots a sling bullet.
The sling bullet barely misses you.
There is a stone staircase leading up, spattered with blood here.
The goblin misses you.
The goblin shoots a stone.
The stone hits you.
You die...

#......#.#.### ####.....gg..#
#....(....# #.........#
######.........#
...............#
#####.........### #.g........^#
#.@.......#.####
##..#...........#
##.##.##.#.......#
#############.#.#.##.#.......###
#............###..##.#.........#
#.###########.#.#.##.#.......#.#
#.# ##.##.##.#.......#.# ..#
#.##............#.# ###
####.#####.#.#######.#


You could see 3 goblins.

Vanquished Creatures
  2 adders (D:2)
  2 worms (D:1)
  2 dart slugs (D:1)
  An endoplasm (D:1)
  3 goblins
  4 hobgoblins
  4 quokkas
  2 ball pythons
  3 bats (D:1)
  2 frilled lizards
  3 kobolds
  4 rats (D:1)
32 creatures vanquished.

Vanquished Creatures (others)
  3 fungi (D:2)
3 creatures vanquished.

Grand Total: 35 creatures vanquished

Notes
Turn   | Place    | Note
-------+----------+-------------------------------------------
     0 | D:1      | jjjjhere the Demigod Air Elementalist began the quest for
                  | the Orb.
     0 | D:1      | Reached XP level 1. HP: 14/14 MP: 5/5
   723 | D:1      | Reached XP level 2. HP: 20/20 MP: 7/7
   757 | D:1      | Reached skill level 3 in Air Magic
  1451 | D:1      | HP: 6/20 [dart slug/slug dart (6)]
  1681 | D:2      | HP: 6/20 [goblin (1)]
  1688 | D:1      | HP: 4/20 [goblin (1)]
  1750 | D:1      | Reached XP level 3. HP: 8/26 MP: 5/9
  2011 | D:1      | Learned a level 2 spell: Static Discharge
  2348 | D:2      | Found a runed translucent door.
  2349 | D:2      | Noticed Crazy Yiuf
  2441 | D:2      | HP: 8/26 [goblin/sling bullet[Robin] (8)]
  2443 | D:2      | HP: 2/26 [goblin/stone[Robin] (2)]
  2445 | D:2      | Shot with a stone by a goblin

Illustrated notes

Levels and vault maps discovered:
D:1:      roderic_dead_forest, layout_basic
D:2:      layout_loops_ring, shapermc_ecumenical_altar_acropolis,
          chequers_jeans, st_stairs_7, uniq_crazy_yiuf_cottage, uniq_robin

Skill      XL: |  1  2 |
---------------+-------+-----
Spellcasting   | 2 |  2.8
Air Magic      | 3 |  3.5
Dodging        | |  1.7
Stealth        | |  1.7
Conjurations   | |  0.8

Action                   || total
-------------------------++-------
Melee: Unarmed           ||    14
       Long sword        ||     4
 Fire: Hunting sling     ||    82
 Cast: Shock             ||    25
       Static Discharge  ||     3
Armor: Robe              ||    16
Dodge: Dodged            ||    51
       Rpst.: Long sword ||     3
